 Dungeon Crawl Stone Soup version 0.29-a0-872-g797fff5ad1 (webtiles) character file.

Game seed: 12381833477926423936

4036 27snakeeyes612 the Shield-Bearer (level 10, -2/98 HPs)
             Began as a Troll Fighter on July 19, 2022.
             Was a Follower of Makhleb.
             Slain by a manticore (8 damage)
             ... on level 8 of the Dungeon.
             The game lasted 00:09:03 (7136 turns).

27snakeeyes612 the Shield-Bearer (Troll Fighter)    Turns: 7136, Time: 00:09:03

Health: -2/98      AC:  7    Str: 30    XL:     10   Next: 4%
Magic:  0/11       EV: 10    Int:  4    God:    Makhleb [*.....]
Gold:   232        SH:  8    Dex:  9    Spells: 9/9 levels left

rFire   + . .      SeeInvis +   D - +4 mace
rCold   . . .      Faith    .   c - +0 kite shield
rNeg    . . .      Spirit   +   b - +0 robe
rPois   .          Reflect  .   (helmet restricted)
rElec   .          Harm     .   u - +2 cloak
rCorr   .          Rampage  .   (gloves unavailable)
Will    .....                   (boots unavailable)
Stlth   +.........              E - amulet of guardian spirit
HPRegen 1.06/turn               s - ring of see invisible
MPRegen 0.12/turn               B - ring of protection from fire

@: mighty, spiked
A: large, unfitting armour, claws 3, regeneration 1, shaggy fur 1, tough skin 1
a: Renounce Religion


You were on level 8 of the Dungeon.
You worshipped Makhleb.
Makhleb was aware of your devotion.
You visited 2 branches of the dungeon, and saw 9 of its levels.
You also visited: Sewer.

You collected 232 gold pieces.

Inventory:

Hand Weapons
 a - a +1 flail
 C - a +1 whip of flaming
 D - a +4 mace (weapon)
Missiles
 f - 2 javelins
 j - 3 poisoned darts (quivered)
Armour
 b - a +0 robe (worn)
 c - a +0 kite shield (worn)
 u - a +2 cloak (worn)
Jewellery
 s - a ring of see invisible (left claw)
 y - a ring of fire
 B - a ring of protection from fire (right claw)
 E - an amulet of guardian spirit (around neck)
Wands
 q - a wand of flame (64)
Scrolls
 e - 2 scrolls of fog
 m - 2 scrolls of fear
 n - 4 scrolls of identify
 v - a scroll of blinking
 w - 5 scrolls of amnesia
 x - a scroll of teleportation
 G - a scroll of silence {unknown}
Potions
 d - 2 potions of might
 g - a potion of curing
 i - a potion of lignification {unknown}
 k - a potion of cancellation {unknown}
 l - a potion of ambrosia {unknown}
 o - 2 potions of haste {unknown}
 p - a potion of resistance {unknown}
 r - 2 potions of invisibility {unknown}
 t - a potion of brilliance {unknown}
 z - 2 potions of degeneration {unknown}
 A - 2 potions of berserk rage {unknown}
 F - a potion of mutation {unknown}


   Skills:
 + Level 5.7 Fighting
 + Level 0.1 Long Blades
 - Level 5.8 Maces & Flails
 + Level 5.4 Throwing
 + Level 5.7 Dodging
 + Level 6.2 Shields
 + Level 3.9 Invocations


You had 9 spell levels left.
You didn't know any spells.
Your spell library contained the following spells:

 Spells                   Type           Power      Damage    Failure   Level
 Blink                    Tloc           0%         N/A       88%         2
 Gell's Gravitas          Tloc           0%         N/A       98%         3
 Lesser Beckoning         Tloc           0%         N/A       98%         3
 Teleport Other           Tloc           0%         N/A       98%         3
 Fireball                 Conj/Fire      0%         3d3       100%        5
 Iskenderun's Battlesphe  Conj           0%         2d6       100%        5
 Manifold Assault         Tloc           0%         N/A       100%        5
 Summon Forest            Summ/Tloc      0%         N/A       100%        5
 Conjure Ball Lightning   Conj/Air       0%         3x3d6     100%        6
 Eringya's Noxious Bog    Tmut/Pois      0%         N/A       100%        6
 Orb of Destruction       Conj           0%         9d5       100%        7
 Storm Form               Tmut/Air       0%         N/A       100%        7
 Summon Hydra             Summ           0%         N/A       100%        7


Dungeon Overview and Level Annotations

Branches:
Dungeon (8/15)             Temple (1/1) D:6            Lair (0/5) D:8
  Sewer (visited)

Altars:
Ashenzari
Cheibriados
Dithmenos
Elyvilon
Fedhas
Hepliaklqana
Kikubaaqudgha
Makhleb
Nemelex Xobeh
Qazlal
Ru
Sif Muna
Trog
Uskayaw
Vehumet
Xom
Zin
The Shining One

Shops:
D:2 !*   D:4 *   D:7 :

Annotations:
D:7 2 runed translucent doors


Innate Abilities, Weirdness & Mutations

You are too large for most types of armour.
You have claws for hands.
Your natural rate of healing is unusually fast.
You are covered in fur. (AC +1)
You have tough skin. (AC +1)


Message History

The water moccasin bites you but does no damage.
The manticore bites you!
* * * LOW HITPOINT WARNING * * *
The manticore claws you.
* * * LOW HITPOINT WARNING * * *
You block the manticore's attack.
You feel better. The water moccasin bites you.
* * * LOW HITPOINT WARNING * * *
You block the water moccasin's attack. The manticore bites you.
* * * LOW HITPOINT WARNING * * *
The manticore barely misses you. The manticore claws you.
* * * LOW HITPOINT WARNING * * *
You sock the manticore!
The manticore is lightly wounded.
The water moccasin misses you. You block the manticore's attack.
The manticore claws you.
* * * LOW HITPOINT WARNING * * *
The manticore barely misses you.
The water moccasin completely misses you.
You sock the manticore!
The manticore is moderately wounded.
You block the water moccasin's attack. The manticore closely misses you.
The manticore claws you.
* * * LOW HITPOINT WARNING * * *
You block the manticore's attack.
You hit the manticore.
The manticore is heavily wounded.
You block the water moccasin's attack. The manticore bites you.
* * * LOW HITPOINT WARNING * * *
You block the manticore's attack.
The manticore claws you but does no damage.
The water moccasin bites you!
* * * LOW HITPOINT WARNING * * *
You sock the manticore!
The manticore is severely wounded.
The water moccasin bites you.
* * * LOW HITPOINT WARNING * * *
The manticore bites you but does no damage.
The manticore claws you!
You die...

.# ##.#
...#
...#
#..# #..
#H# #@#
#S#
###g#
#...#
##.###
#.).##
#.##..##
#.#
#g#.## #
## #.
#....# #


You could see a manticore, a water moccasin and a gnoll.

Vanquished Creatures
  A troll (D:5)
  8 yaks
  2 water moccasins
  2 sky beasts (D:7)
  An ice beast (D:7)
  An orc warrior (D:7)
  2 black bears
  A phantom (D:4)
  2 centaurs (D:7)
  A kobold brigand (Sewer)
  4 bullfrogs (D:7)
  A gnoll sergeant (D:6)
  2 scorpions (D:7)
  5 wights
  A howler monkey (D:7)
  4 hounds
  2 jellies (D:4)
  2 gnoll boudas (D:7)
  3 orc priests
  Crazy Yiuf (D:3)
  6 orc wizards
  11 adders
  10 gnolls
  3 river rats (Sewer)
  4 white imps (D:7)
  3 ufetubi (D:7)
  2 worms (D:4)
  28 orcs
  4 endoplasms
  6 giant cockroaches
  5 goblins
  5 hobgoblins
  6 jackals (Sewer)
  4 quokkas (D:3)
  6 ball pythons
  5 bats
  8 frilled lizards
  8 kobolds
  4 rats
174 creatures vanquished.

Vanquished Creatures (others)
  4 bushes (D:8)
  A fungus (D:8)
  27 plants
32 creatures vanquished.

Grand Total: 206 creatures vanquished

Notes
Turn   | Place    | Note
-------+----------+-------------------------------------------
     0 | D:1      | 27snakeeyes612 the Troll Fighter began the quest for the
                  | Orb.
     0 | D:1      | Reached XP level 1. HP: 22/22 MP: 0/0
    25 | D:1      | Reached XP level 2. HP: 23/29 MP: 1/1
    43 | D:1      | You fall into a shaft and drop 1 floor!
    85 | D:2      | Found Narchefiar's Distillery.
    95 | D:2      | Identified the +2 leather armour "Jojas" {*Slow rF+ Int+2
                  | Dex+6}
   130 | D:2      | Reached skill level 3 in Shields
   153 | D:2      | Found Otoki's General Store.
   226 | D:2      | Reached XP level 3. HP: 35/36 MP: 2/2
   631 | D:2      | Found a shadowy altar of Dithmenos.
   880 | D:3      | Found a runed translucent door.
   881 | D:3      | Noticed Crazy Yiuf
  1031 | D:3      | Found a glowing drain.
  1051 | Sewer    | Entered a sewer
  1076 | Sewer    | Reached XP level 4. HP: 41/42 MP: 3/3
  1118 | Sewer    | Reached skill level 1 in Throwing
  1159 | Sewer    | Noticed a kobold brigand
  1169 | Sewer    | Killed a kobold brigand
  1170 | Sewer    | Reached XP level 5. HP: 53/53 MP: 4/4
  1753 | D:3      | Reached XP level 6. HP: 35/61 MP: 5/5
  2362 | D:3      | Killed Crazy Yiuf
  2976 | D:4      | Found Tekhahesk's Neck Hole.
  2995 | D:4      | Reached skill level 4 in Shields
  3016 | D:4      | Reached XP level 7. HP: 68/68 MP: 6/6
  3354 | D:5      | Entered Level 5 of the Dungeon
  3607 | D:5      | Noticed a troll
  3619 | D:5      | Killed a troll
  4088 | D:6      | Found a hazy altar of Hepliaklqana.
  4124 | D:6      | Reached XP level 8. HP: 38/78 MP: 7/7
  4179 | D:6      | Found a staircase to the Ecumenical Temple.
  4202 | Temple   | Entered the Ecumenical Temple
  4233 | Temple   | Became a worshipper of Makhleb the Destroyer
  4978 | D:7      | Reached skill level 5 in Shields
  4978 | D:7      | Reached skill level 1 in Invocations
  5380 | D:7      | Reached XP level 9. HP: 66/87 MP: 9/9
  5436 | D:7      | Reached skill level 5 in Fighting
  5436 | D:7      | Reached skill level 5 in Maces & Flails
  5502 | D:7      | Reached skill level 5 in Dodging
  5553 | D:7      | Found a runed translucent door.
  5554 | D:7      | Found a runed translucent door.
  5554 | D:7      | Noticed a deep elf pyromancer
  5558 | D:7      | Noticed a komodo dragon
  5559 | D:7      | Noticed a komodo dragon
  5559 | D:7      | Noticed a two-headed ogre
  5952 | D:6      | HP: 2/72 [wight/+0 hand axe (4)]
  6119 | D:7      | Reached * piety under Makhleb
  6252 | D:7      | Reached skill level 5 in Throwing
  6310 | D:7      | Found a radiant altar of Vehumet.
  6313 | D:7      | Found a broken altar of Ashenzari.
  6313 | D:7      | Found a sparkling altar of Nemelex Xobeh.
  6490 | D:7      | Found Dophuifu's Book Shoppe.
  6677 | D:7      | Found a glowing golden altar of the Shining One.
  6985 | D:8      | Reached skill level 6 in Shields
  7030 | D:8      | Reached XP level 10. HP: 53/98 MP: 6/11
  7087 | D:8      | Found a staircase to the Lair.
  7110 | D:8      | Found a sacrificial altar of Ru.
  7126 | D:8      | Noticed a manticore
  7136 | D:8      | Slain by a manticore

Illustrated notes

Levels and vault maps discovered:
D:1:      amcnicky_arrival_blooded_trapdoor, layout_rooms, serial_shops,
          shop_fountains, minmay_quantized
D:2:      layout_basic, serial_shops, shop_fountains, nicolae_square_shop,
          basic_altar
D:3:      layout_loops_ring, portal_sewer_entry_f, glass_columns_b,
          uniq_crazy_yiuf_cottage
D:4:      layout_basic, nicolae_shop_sticking_my_neck_out
D:5:      layout_gridville, serial_park_tiny_1, roderic_malta_cross
D:6:      layout_basic, nicolae_hepliaklqana_hazy_memory, temple_fountains
D:7:      minmay_the_grid_triangle_9x9_rhombus_full
          [minmay_the_grid_triangle_9x9_intruding_spiral,
          minmay_the_grid_triangle_9x9_wacky_v,
          minmay_the_grid_triangle_9x9_sprig,
          minmay_the_grid_triangle_9x9_negative_grid,
          minmay_the_grid_triangle_9x9_stretched_checkered,
          minmay_the_grid_triangle_9x9_tough_junction,
          minmay_the_grid_triangle_9x9_from_above,
          minmay_the_grid_triangle_9x9_prize_insulated], layout_loops_ring,
          nicolae_tso_carved_into_rock,
          chequers_temple_overflow_statue_of_worship, serial_shops,
          kennysheep_little_box, st_stairs_10, small_statue_intersection,
          supply_closet_lemuel
D:8:      layout_loops_cross, mainiacjoe_overflow_tiny_flanked,
          minmay_lair_entry_grove, serial_shops, nicolae_shop_statue_plus
Temple:   nicolae_temple_ecumenical_triangle

Skill      XL: |  1  2  3  4  5  6  7  8  9 |
---------------+----------------------------+-----
Maces & Flails | 2 3 4 5 |  5.8
Shields        | 3 4 5 6 |  6.2
Throwing       | 1 2 3 4 5 |  5.4
Fighting       | 3 4 5 |  5.7
Dodging        | 3 4 5 |  5.7
Invocations    | 2 3 |  3.9
Long Blades    | |  0.1

Action                   |  1- 3 |  4- 6 |  7- 9 | 10-12 || total
-------------------------+-------+-------+-------+-------++-------
Melee: Flail             |   125 |   259 |   233 |       ||   617
       Mace              |       |       |   208 |    14 ||   222
Throw: Throwing net      |       |     1 |       |       ||     1
  Use: Scroll            |     3 |     6 |     2 |     1 ||    12
       Potion            |       |       |       |     3 ||     3
Armor: Robe              |    85 |   106 |   171 |    12 ||   374
Dodge: Dodged            |    74 |   122 |   208 |    19 ||   423
Block: Kite shield       |    73 |   149 |   209 |    18 ||   449

Table legend: (Time is in decaauts)
 A = Elapsed time spent in this place.
 B = Non-inter-level travel time spent in this place.
 C = Inter-level travel time spent in this place.
 D = Time resting spent in this place.
 E = Time spent auto-exploring this place.
 F = Levels seen in this place.
 G = Mean time per level.
                   A        B        C        D        E       F      G
               +--------+--------+--------+--------+--------+-----+--------+
         Total |   7580 |   7310 |    270 |    864 |   4504 |  10 |  758.0 |
       Dungeon |   6698 |   6428 |    270 |    864 |   3906 |   8 |  837.2 |
        Temple |     36 |     36 |      0 |      0 |     18 |   1 |   36.0 |
         Sewer |    845 |    845 |      0 |      0 |    580 |   1 |  845.0 |
               +--------+--------+--------+--------+--------+-----+--------+

Top non-repeatable levels by time:
     D:7: 2023 daAuts
     D:3: 1206 daAuts
     D:6: 1013 daAuts
   Sewer: 845 daAuts
     D:4: 794 daAuts
     D:2: 780 daAuts
     D:5: 638 daAuts
     D:8: 193 daAuts
     D:1: 48 daAuts
  Temple: 36 daAuts
